 Dungeon Crawl Stone Soup version 0.17.1-3-g152610e (webtiles) character file.

165105 nikopol the Severer (level 17, -1/229 (231) HPs)
             Began as a Hill Orc Berserker on Apr 12, 2016.
             Was a High Priest of Trog.
             Slain by a 20-headed hydra (11 damage)
             ... on level 4 of the Swamp on Apr 13, 2016.
             The game lasted 02:38:15 (35361 turns).

nikopol the Severer (Hill Orc Berserker)           Turns: 35361, Time: 02:38:16

HP:   -1/229 (231)  AC: 41    Str: 29    XL:     17   Next: 57%
MP:   17/17         EV:  8    Int: 10    God:    Trog [*****.]
Gold: 574           SH: 17    Dex: 22    Spells: 0 memorised, 16 levels left

rFire  + . .     SeeInvis .     M - +6 broad axe (protect)
rCold  . . .     Clarity  .     T - +3 gold dragon armour of Ket Soi {rPois rF+ rC+ MR- Regen+ Stlth+}
rNeg   . . .     SustAt   .     B - +2 shield {reflect}
rPois  +         Gourm    +     w - +2 helmet {Int+3}
rElec  .         Spirit   .     d - +2 cloak
rCorr  .         Warding  .     W - +2 pair of gloves {Dex+3}
rMut   .         Stasis   .     U - +2 pair of boots {run}
MR     +....                    t - amulet of the gourmand
Stlth  ..........               I - +4 ring of dexterity
                                V - ring of Departure {rPois rC- MR+ Dex+2}

@: berserking (expiring), slowed, quick, somewhat resistant to hostile
enchantments, extremely unstealthy
A: no striking features
a: Berserk, Trog's Hand, Brothers in Arms, Burn Spellbooks, Renounce Religion
}: 1/15 runes: decaying


You were on level 4 of the Swamp.
You worshipped Trog.
Trog was extremely pleased with you.
You were not hungry.

You visited 4 branches of the dungeon, and saw 31 of its levels.
You also visited: Bailey.

You collected 3578 gold pieces.
You spent 3004 gold pieces at shops.

Inventory:

Hand Weapons
 i - a +3 antimagic broad axe
 L - the +4 battleaxe of the Unkillable {chop, rF+ Stlth+}
   (Trog gifted it to you on level 2 of the Swamp)

   It inflicts extra damage upon your enemies.
   It protects you from fire.
   It makes you more stealthy.
 M - a +6 broad axe of protection (weapon)
Missiles
 l - 8 exploding tomahawks (quivered)
 F - 10 poisoned javelins
Armour
 d - a +2 cloak (worn)
 w - a +2 helmet of intelligence (worn)
 B - a +2 shield of reflection (worn)
 T - the +3 gold dragon armour of Ket Soi (worn) {rPois rF+ rC+ MR- Regen+ Stlth+}
   (You bought it in a shop on level 14 of the Dungeon)

   It protects you from fire.
   It protects you from cold.
   It protects you from poison.
   It affects your resistance to hostile enchantments.
   It increases your rate of regeneration.
   It makes you more stealthy.
 U - a +2 pair of boots of running (worn)
 W - a +2 pair of gloves of dexterity (worn)
Jewellery
 a - an uncursed ring of sustain attributes
 b - an uncursed amulet of warding
 r - an uncursed ring of protection from magic
 t - an amulet of the gourmand (around neck)
 A - an uncursed ring of protection from cold
 I - a +4 ring of dexterity (right hand)
 N - an uncursed ring of flight
 R - an uncursed ring of see invisible
 V - the ring of Departure (left hand) {rPois rC- MR+ Dex+2}
   (You found it on level 8 of the Lair of Beasts)

   [ring of dexterity]

   It affects your dexterity (+2).
   It makes you vulnerable to cold.
   It protects you from poison.
   It affects your resistance to hostile enchantments.
 Y - an uncursed ring of invisibility
Wands
 e - a wand of paralysis (9)
 v - a wand of hasting (5)
 K - a wand of flame (35)
Scrolls
 g - a scroll of holy word
 h - 4 scrolls of teleportation
 p - 12 scrolls of remove curse
 y - 5 scrolls of recharging
 C - 9 scrolls of identify
 E - 4 scrolls of blinking
 X - a scroll of magic mapping
 Z - 2 scrolls of summoning
Potions
 f - 19 potions of curing
 m - a potion of mutation {unknown}
 n - 4 potions of haste
 o - 3 potions of cure mutation
 q - 2 potions of flight
 s - 6 potions of agility
 u - 7 potions of might
 z - 10 potions of brilliance
 D - a potion of experience
 H - 2 potions of invisibility
 J - 8 potions of heal wounds
 Q - 2 potions of resistance
 S - 2 potions of cancellation
Comestibles
 c - 24 bread rations
 j - 13 meat rations
 k - 4 fruits
 G - 2 royal jellies
 O - 5 beef jerkies
 P - 11 slices of pizza


   Skills:
 + Level 14.3 Fighting
 * Level 20.0 Axes
 + Level 10.3 Throwing
 * Level 13.6 Armour
 + Level 10.4 Dodging
 * Level 13.6 Shields


You had 16 spell levels left.
You didn't know any spells.

Dungeon Overview and Level Annotations

Branches:
Dungeon (15/15)            Temple (0/1) D:7            Lair (8/8) D:11
  Swamp (4/4) Lair:4        Snake (0/4) Lair:5        Slime (0/6) Lair:8
    Orc (4/4) D:10            Elf (0/3) Orc:3        Vaults (0/5) D:13
 Depths (0/5) D:15

Altars:
Ashenzari
Cheibriados
Dithmenos
Elyvilon
Fedhas
Makhleb
Okawaru
Qazlal
Ru
Trog
Xom
Yredelemnul
Zin
Beogh
Jiyva

Shops:
D:5 (   D:12 **}=   D:14 }%(![   Orc:2 %   Orc:3 (   Orc:4 !([*

Portals:
Trove: D:15 (show slimy rune of Zot)

Annotations:
D:13 exclusion: orange crystal statue


Message History

The 19-headed hydra bites you!
* * * LOW HITPOINT WARNING * * *
The 19-headed hydra bites you.
* * * LOW HITPOINT WARNING * * *
The 19-headed hydra bites you.
* * * LOW HITPOINT WARNING * * *
The 19-headed hydra bites you but does no damage. x4
The 19-headed hydra misses you. The 19-headed hydra closely misses you.
You are too injured to fight recklessly!
You are too injured to fight recklessly!
You are too injured to fight recklessly!
You can't go down here!
The 20-headed hydra bites you but does no damage.
The 20-headed hydra barely misses you. The 20-headed hydra bites you!
* * * LOW HITPOINT WARNING * * *
The 20-headed hydra closely misses you. You block the 20-headed hydra's attack.
You block the 20-headed hydra's attack. The 20-headed hydra barely misses you.
The 20-headed hydra bites you but does no damage.
The 20-headed hydra barely misses you. The 20-headed hydra bites you!
You die...

##)..####...# #(....#≈.P..≈
#.....#.(.... #.....#.≈P≈..
♣##....'.8.≈#. ♣♣♣♣♣≈####+#....##
♣♣ ♣♣≈≈≈.≈.......8.≈.. ♣≈
♣≈≈D≈≈≈#.8.(.(.≈...
♣♣≈♣♣♣♣@D≈≈≈....†..≈..#P
♣♣♣≈≈≈♣♣♣≈†≈≈≈....≈#...⌠#⌠
♣≈≈≈≈≈≈♣♣...≈≈....########
♣♣♣≈≈≈≈≈≈♣≈..≈≈.#..P.....⌠#⌠
♣♣≈♣♣≈≈≈≈≈.≈.≈≈≈≈.P.P......#.
♣.≈≈≈≈≈≈≈♣≈..≈≈§≈.≈(≈(≈8≈..#n
♣♣≈♣..≈≈≈≈♣♣♣.≈≈≈#.≈....(....
♣...♣§.≈≈÷÷♣≈...≈####'#....#.
♣♣♣♣♣≈≈..♣♣≈.÷(♣♣.≈♣##....'.8....


You could see a 20-headed hydra and a 19-headed hydra.

Vanquished Creatures
  the Lernaean hydra (Swamp:4)
  A tentacled monstrosity (Swamp:2)
  Gastronok (Orc:2)
  Frances (Swamp:1)
  A thorn hunter (Swamp:3)
  Donald (Swamp:3)
  Maud (D:14)
  Louise (D:14)
  An orc warlord (Orc:4)
  Nessos (D:15)
  Azrael (D:15)
  A dire elephant (D:15)
  Josephine (D:14)
  A fire dragon (Lair:8)
  16 hydras
  Harold (Orc:1)
  4 centaur warriors
  Erica (Lair:1)
  A catoblepas (D:14)
  9 alligators
  12 death yaks
  An orc high priest (Orc:3)
  Urug (D:15)
  2 unseen horrors (D:13)
  A spriggan druid (Swamp:2)
  4 orc knights (Bailey)
  11 swamp dragons
  3 shambling mangroves
  A death drake (shapeshifter) (D:14)
  16 hill giants
  A wizard (D:15)
  4 oklob plants (Lair:6)
  5 griffons
  A necromancer (D:13)
  A wolf spider (D:15)
  A wolf spider zombie (D:15)
  4 hornets
  An orc sorcerer (Orc:4)
  A cyclops (D:15)
  5 ugly things
  4 black mambas
  A naga mage (D:15)
  Joseph (D:9)
  3 gargoyles
  22 elephants
  19 spiny frogs
  5 trolls
  12 komodo dragons
  3 kobold demonologists
  5 fire drakes
  A jumping spider (shapeshifter) (D:15)
  5 slime creatures (Swamp:3)
  An efreet (D:14)
  A merfolk (D:15)
  A two-headed ogre (D:15)
  15 bog bodies
  2 polar bears
  3 giant leeches
  10 blink frogs
  A hornet zombie (D:15)
  A redback (shapeshifter) (D:15)
  A vampire (D:13)
  2 wyverns
  Sigmund (D:6)
  A shadow (D:15)
  3 deep elf magi
  A water elemental (D:11)
  4 wraiths
  2 spriggans
  62 yaks
  8 basilisks
  A human (D:9)
  2 hungry ghosts
  A hog (D:9)
  41 vampire mosquitoes
  3 fire elementals (D:15)
  A warg (Orc:4)
  11 wolves
  Menkaure (D:5)
  10 hippogriffs
  3 steam dragons (Lair:8)
  6 mottled dragons
  16 swamp worms
  A naga (Lair:5)
  18 water moccasins
  4 hell hounds (D:15)
  7 porcupines
  17 swamp drakes
  48 orc warriors
  A black bear (D:10)
  4 phantoms
  10 centaurs
  3 ice beasts
  10 wasps
  11 ogres
  15 crocodiles
  7 sky beasts
  11 big kobolds
  18 giant frogs
  A brain worm (D:15)
  A wyvern zombie (D:10)
  A wyvern skeleton (D:12)
  A gnoll sergeant (D:9)
  4 scorpions
  3 electric eels
  A quasit (D:13)
  8 killer bees
  12 wights
  5 crimson imps
  2 centaur zombies
  16 iguanas
  35 orc priests
  A jelly (D:15)
  4 giant frog skeletons
  A hound (D:4)
  3 centaur skeletons
  A gnoll shaman (Orc:4)
  40 orc wizards
  Jessica (D:2)
  8 worker ants
  A killer bee zombie (D:11)
  9 sheep
  2 hound zombies
  3 hound skeletons
  3 worker ant zombies
  6 gnolls (Orc:4)
  9 adders
  4 shadow imps
  84 river rats
  An adder zombie (D:5)
  An adder skeleton (D:8)
  2 worms (D:2)
  11 giant geckos
  198 orcs
  A ball python (D:8)
  6 giant cockroaches
  7 goblins
  10 hobgoblins
  10 jackals
  19 kobolds
  3 quokkas
  6 bats
  A giant gecko skeleton (D:5)
  5 giant newts
  2 jackal skeletons
  A jackal zombie (D:5)
  A quokka skeleton (D:4)
  A quokka zombie (D:5)
  8 rats
  3 briar patches (Swamp:3)
  2 bushes (Lair:6)
  13 fungi
  12 plants
1198 creatures vanquished.

Vanquished Creatures (others)
  A bog body (Swamp:4)
  A swamp drake (Swamp:4)
  21 fungi
  22 plants
45 creatures vanquished.

Grand Total: 1243 creatures vanquished

Notes
Turn   | Place    | Note
--------------------------------------------------------------
     0 | D:1      | nikopol the Hill Orc Berserker began the quest for the Orb.
     0 | D:1      | Reached XP level 1. HP: 19/19 MP: 1/1
   112 | D:1      | Reached XP level 2. HP: 25/27 MP: 2/2
   900 | D:1      | Reached XP level 3. HP: 33/33 MP: 3/3
   901 | D:1      | Reached ** piety under Trog
  1116 | D:2      | Noticed Jessica
  1122 | D:2      | Killed Jessica
  1122 | D:2      | Reached XP level 4. HP: 40/40 MP: 4/4
  1887 | D:3      | Found a blossoming altar of Fedhas.
  1888 | D:3      | Found a snail-covered altar of Cheibriados.
  2116 | D:3      | Found a shattered altar of Ashenzari.
  2130 | D:3      | Found a shadowy altar of Dithmenos.
  2130 | D:3      | Found a shimmering altar of Xom.
  2131 | D:3      | Found a burning altar of Makhleb.
  2135 | D:3      | Found a stormy altar of Qazlal.
  2435 | D:4      | Noticed a phantom
  2474 | D:4      | Killed a phantom
  2474 | D:4      | Reached skill level 5 in Axes
  2474 | D:4      | Reached skill level 1 in Shields
  2474 | D:4      | Reached XP level 5. HP: 6/47 MP: 5/5
  2769 | D:4      | Reached XP level 6. HP: 53/53 MP: 6/6
  2966 | D:4      | Reached *** piety under Trog
  2989 | D:4      | Noticed an ice beast
  3011 | D:4      | Killed an ice beast
  3011 | D:4      | Reached skill level 5 in Fighting
  3011 | D:4      | Reached skill level 6 in Axes
  3186 | D:4      | Reached XP level 7. HP: 37/61 MP: 7/7
  3932 | D:5      | Entered Level 5 of the Dungeon
  3935 | D:5      | Found a shattered altar of Ashenzari.
  3965 | D:5      | Noticed Menkaure
  4206 | D:5      | Killed Menkaure
  4395 | D:5      | Reached skill level 7 in Axes
  4598 | D:5      | Reached XP level 8. HP: 69/69 MP: 8/8
  4920 | D:5      | Found Disoim's Antique Weapon Shoppe.
  5046 | D:5      | Reached skill level 8 in Axes
  5048 | D:5      | Reached skill level 5 in Armour
  5048 | D:5      | Reached skill level 5 in Shields
  6163 | D:6      | Reached XP level 9. HP: 37/77 MP: 9/9
  6691 | D:6      | Found a basalt altar of Yredelemnul.
  6753 | D:6      | Found a white marble altar of Elyvilon.
  6848 | D:6      | Noticed Sigmund
  6854 | D:6      | Killed Sigmund
  6854 | D:6      | Reached skill level 9 in Axes
  7069 | D:7      | Received a gift from Trog
  7205 | D:7      | Found a sacrificial altar of Ru.
  7227 | D:7      | Found a bloodstained altar of Trog.
  7228 | D:7      | Found an iron altar of Okawaru.
  7270 | D:7      | Found a staircase to the Ecumenical Temple.
  7573 | D:7      | Noticed a hill giant
  7586 | D:7      | Killed a hill giant
  7586 | D:7      | Reached skill level 1 in Throwing
  8303 | D:8      | Reached skill level 10 in Axes
  8381 | D:8      | Reached **** piety under Trog
  8876 | D:8      | Reached XP level 10. HP: 86/86 MP: 10/10
  8991 | D:9      | Paralysed by a wasp for 2 turns
  9594 | D:9      | Found a shimmering altar of Xom.
  9602 | D:9      | Reached ***** piety under Trog
  9602 | D:9      | Reached skill level 5 in Dodging
  9653 | D:9      | Noticed Joseph
  9665 | D:9      | Killed Joseph
  9665 | D:9      | Reached skill level 11 in Axes
  9804 | D:9      | Found a blossoming altar of Fedhas.
  9966 | D:10     | Entered Level 10 of the Dungeon
 10390 | D:10     | Noticed a hill giant
 10397 | D:10     | Killed a hill giant
 10655 | D:10     | Reached XP level 11. HP: 95/95 MP: 11/11
 10673 | D:10     | Reached skill level 12 in Axes
 10727 | D:10     | Received a gift from Trog
 11116 | D:10     | Found a staircase to the Orcish Mines.
 11622 | D:11     | Noticed a hill giant
 11636 | D:11     | Killed a hill giant
 11694 | D:11     | Noticed a hill giant
 11703 | D:11     | Killed a hill giant
 11968 | D:11     | Found a staircase to the Lair.
 12046 | D:11     | Noticed a hill giant
 12059 | D:11     | Killed a hill giant
 12421 | D:11     | Received a gift from Trog
 12674 | Lair:1   | Entered Level 1 of the Lair of Beasts
 12841 | Lair:1   | Reached skill level 5 in Throwing
 12882 | Lair:1   | Noticed Erica
 12892 | Lair:1   | Killed Erica
 12892 | Lair:1   | Reached skill level 13 in Axes
 13497 | Lair:1   | Reached XP level 12. HP: 106/106 MP: 12/12
 13525 | Lair:1   | Received a gift from Trog
 13531 | Lair:1   | Got an encrusted hand axe {god gift}
 13532 | Lair:1   | Identified the +2 hand axe "Hoep" {speed, Int+4 Dex-4} (Trog gifted it to you on level 1 of the Lair of Beasts)
 14005 | Lair:2   | Noticed a six-headed hydra
 14014 | Lair:2   | Killed a three-headed hydra
 14032 | Lair:2   | Got a fine leather armour
 14068 | Lair:2   | Reached skill level 10 in Fighting
 15167 | Lair:3   | Reached skill level 14 in Axes
 15400 | Lair:3   | Received a gift from Trog
 16109 | Lair:4   | Identified a scroll of acquirement
 16116 | Lair:4   | Identified a +2 pair of boots of running (You acquired it on level 4 of the Lair of Beasts)
 16177 | Lair:4   | Noticed a death yak
 16179 | Lair:4   | Noticed a death yak
 16183 | Lair:4   | Noticed a death yak
 16192 | Lair:4   | Killed a death yak
 16192 | Lair:4   | Reached XP level 13. HP: 104/114 MP: 13/13
 16201 | Lair:4   | Killed a death yak
 16202 | Lair:4   | Killed a death yak
 16666 | Lair:4   | Identified the +0 leather armour of the Volcano {rC- rN+++ rCorr Slay+5} (You found it on level 2 of the Lair of Beasts)
 16754 | Lair:4   | Noticed an eight-headed hydra
 16760 | Lair:4   | Killed a seven-headed hydra
 16852 | Lair:4   | Reached skill level 15 in Axes
 16936 | Lair:4   | Found a staircase to the Swamp.
 17462 | Lair:5   | Found a staircase to the Snake Pit.
 17650 | Lair:5   | Received a gift from Trog
 17794 | Lair:5   | Reached skill level 10 in Shields
 18153 | Lair:6   | Found a white marble altar of Elyvilon.
 19155 | Lair:6   | Reached skill level 10 in Armour
 19827 | Lair:7   | Reached skill level 16 in Axes
 19827 | Lair:7   | Reached XP level 14. HP: 124/124 MP: 14/14
 19915 | Lair:7   | Reached ****** piety under Trog
 19925 | Lair:7   | Received a gift from Trog
 20484 | Lair:8   | Entered Level 8 of the Lair of Beasts
 20735 | Lair:8   | Found a viscous altar of Jiyva.
 20735 | Lair:8   | Found a staircase to the Slime Pits.
 21634 | Lair:8   | Got a crude wooden ring
 21636 | Lair:8   | Identified the ring of Departure {rPois rC- MR+ Dex+2} (You found it on level 8 of the Lair of Beasts)
 22077 | Lair:8   | Received a gift from Trog
 22254 | Lair:8   | Reached skill level 17 in Axes
 23506 | Orc:1    | Entered Level 1 of the Orcish Mines
 23729 | Orc:2    | Found Jeiseuc's Food Shop.
 23732 | Orc:2    | Reached XP level 15. HP: 134/134 MP: 5/15
 23841 | Orc:1    | Noticed Harold
 23857 | Orc:1    | Killed Harold
 24001 | Orc:1    | Received a gift from Trog
 24133 | Orc:3    | Found Neotag's Weapon Shoppe.
 24182 | Orc:3    | Received a gift from Trog
 24313 | Orc:3    | Received a gift from Trog
 24492 | Orc:3    | Found a staircase to the Elven Halls.
 24909 | Orc:2    | Noticed Gastronok
 24925 | Orc:2    | Killed Gastronok
 25200 | Orc:4    | Entered Level 4 of the Orcish Mines
 25522 | Orc:4    | Received a gift from Trog
 25650 | Orc:4    | Found a roughly hewn altar of Beogh.
 25665 | Orc:4    | Found a roughly hewn altar of Beogh.
 25742 | Orc:4    | Found Bennomn's Antique Armour Boutique.
 25744 | Orc:4    | Found a roughly hewn altar of Beogh.
 25773 | Orc:4    | Found Yfahoceu's Antique Weapon Shop.
 25882 | Orc:4    | Found a roughly hewn altar of Beogh.
 25883 | Orc:4    | Found Taufulil's Distillery.
 26033 | Orc:4    | Received a gift from Trog
 26045 | Orc:4    | Found a roughly hewn altar of Beogh.
 26062 | Orc:4    | Found Icatagre's Assorted Antiques.
 26067 | Orc:4    | Bought a shiny helmet for 112 gold pieces
 26067 | Orc:4    | Bought a scroll of identify for 50 gold pieces
 26227 | D:12     | Found Kuulline's Jewellery Emporium.
 26241 | D:12     | Found a flagged portal.
 26253 | Bailey   | Entered a bailey
 26960 | D:12     | Found Fured's Gadget Emporium.
 27246 | D:12     | Found Urytha's General Store.
 27257 | D:12     | Found Asua's General Store.
 27265 | D:12     | Bought a +2 helmet of intelligence for 215 gold pieces
 27289 | D:12     | Bought a scroll of identify for 32 gold pieces
 27599 | D:12     | Reached skill level 18 in Axes
 27689 | D:13     | Received a gift from Trog
 28020 | D:13     | Found a gate to the Vaults.
 29011 | D:14     | Noticed Louise
 29023 | D:14     | Killed Louise
 29056 | D:14     | Found Usmiudau's Distillery.
 29064 | D:14     | Bought a potion of heal wounds for 65 gold pieces
 29064 | D:14     | Bought a potion of heal wounds for 65 gold pieces
 29084 | D:14     | Found Gin Duyp's Antique Armour Shoppe.
 29195 | D:14     | Found Egaomaloss's Weapon Shoppe.
 29210 | D:14     | Found Iplicrysh's Food Emporium.
 29225 | D:14     | Noticed Josephine
 29239 | D:14     | Killed Josephine
 29239 | D:14     | Received a gift from Trog
 29239 | D:14     | Reached XP level 16. HP: 112/144 MP: 16/16
 29477 | D:14     | Found Kuxip's Gadget Shoppe.
 29737 | D:14     | Received a gift from Trog
 29905 | D:14     | Noticed Maud
 29921 | D:14     | Killed Maud
 30345 | D:14     | Bought a brightly glowing gold dragon armour for 2465 gold pieces
 30355 | D:14     | Identified the +3 gold dragon armour of Ket Soi {rPois rF+ rC+ MR- Regen+ Stlth+} (You bought it in a shop on level 14 of the Dungeon)
 30375 | D:15     | Entered Level 15 of the Dungeon
 30411 | D:15     | Noticed Nessos
 30545 | D:15     | Killed Nessos
 30593 | D:15     | Noticed Azrael
 30643 | D:15     | Killed Azrael
 30658 | D:15     | Noticed Urug
 30674 | D:15     | Killed Urug
 30722 | D:15     | Found a portal to a secret trove of treasure.
 30785 | D:15     | Found a glowing silver altar of Zin.
 30843 | D:15     | Reached skill level 19 in Axes
 30969 | D:15     | Found a staircase to the Depths.
 31693 | Swamp:1  | Entered Level 1 of the Swamp
 32246 | Swamp:1  | Noticed Frances
 32261 | Swamp:1  | Killed Frances
 32261 | Swamp:1  | Received a gift from Trog
 32261 | Swamp:1  | Reached skill level 10 in Dodging
 32695 | Swamp:2  | Received a gift from Trog
 32731 | Swamp:2  | Got a steaming battleaxe {god gift}
 32737 | Swamp:2  | Identified the +4 battleaxe of the Unkillable {chop, rF+ Stlth+} (Trog gifted it to you on level 2 of the Swamp)
 32822 | Swamp:2  | Noticed a tentacled monstrosity
 32837 | Swamp:2  | Killed a tentacled monstrosity
 33322 | Swamp:3  | Reached skill level 10 in Throwing
 33447 | Swamp:3  | Reached XP level 17. HP: 150/150 MP: 17/17
 33486 | Swamp:3  | Got a smoking ring mail
 33497 | Swamp:3  | Identified the cursed +1 ring mail of Hadjma {rPois rF- Slay+3 Stlth+} (You found it on level 3 of the Swamp)
 33728 | Swamp:3  | Noticed Donald
 33743 | Swamp:3  | Killed Donald
 34324 | Swamp:4  | Entered Level 4 of the Swamp
 34419 | Swamp:4  | Received a gift from Trog
 34493 | Swamp:3  | Received a gift from Trog
 34789 | Swamp:4  | Noticed the 27-headed Lernaean hydra
 34814 | Swamp:4  | Killed the 26-headed Lernaean hydra
 35103 | Swamp:4  | Got a decaying rune of Zot
 35332 | Swamp:3  | Reached skill level 20 in Axes
 35361 | Swamp:4  | HP: 10/229 [20-headed hydra (11)]
 35361 | Swamp:4  | Slain by a 20-headed hydra

Action                   |  1- 3 |  4- 6 |  7- 9 | 10-12 | 13-15 | 16-18 || total
-------------------------+-------+-------+-------+-------+-------+-------++-------
Melee: Hand axe          |    90 |   207 |   411 |       |       |       ||   708
       War axe           |       |       |   169 |   522 |   216 |       ||   907
       Broad axe         |       |       |       |   161 |  1306 |   948 ||  2415
Throw: Javelin           |     3 |    10 |    44 |   117 |   120 |     1 ||   295
Invok: Berserk           |     2 |     3 |     7 |     9 |    12 |    12 ||    45
       Burn Spellbooks   |       |       |       |     1 |     5 |     5 ||    11
       Trog's Hand       |       |       |       |       |     3 |       ||     3
       Brothers in Arms  |       |       |       |       |       |     1 ||     1
  Use: Scroll            |       |       |       |    28 |    16 |    13 ||    57
       Potion            |       |       |       |       |     1 |     1 ||     2
 Stab: Confused          |       |       |       |       |     1 |       ||     1
  Eat: Chunk             |     2 |    21 |    25 |    36 |    62 |    26 ||   172
       Royal jelly       |       |     1 |       |       |       |       ||     1
